 Dungeon Crawl Stone Soup version 0.19.4-10-g532645f (webtiles) character file.

550 galech the Covered (level 7, -5/44 HPs)
             Began as a Gargoyle Fighter on Feb 23, 2017.
             Was an Initiate of Okawaru.
             Killed from afar by an orc wizard (8 damage)
             ... with a magic dart
             ... on level 4 of the Dungeon.
             The game lasted 00:08:26 (4395 turns).

galech the Covered (Gargoyle Fighter)               Turns: 4395, Time: 00:08:27

Health: -5/44      AC: 17    Str: 22    XL:     7   Next: 29%
Magic:  7/7        EV:  8    Int:  8    God:    Okawaru [......]
Gold:   144        SH: 10    Dex:  9    Spells: 0 memorised, 6 levels left

rFire  . . .     SeeInvis +     C - +0 flail (venom)
rCold  + . .     Gourm    .     y - +2 ring mail {rC+}
rNeg   + . .     Faith    .     c - +0 shield
rPois  ∞         Spirit   .     F - +0 helmet
rElec  +         Reflect  .     (no cloak)
rCorr  .         Harm     .     (no gloves)
MR     +....                    r - +2 pair of boots
Stlth  ..........               (no amulet)
                                G - ring of see invisible
                                h - ring of protection from magic

@: no status effects
A: negative energy resistance 1, electricity resistance, unbreathing,
petrification resistance, rot immunity, AC +4
a: Renounce Religion


You were on level 4 of the Dungeon.
You worshipped Okawaru.
Okawaru was noncommittal.
You were not hungry.

You visited 2 branches of the dungeon, and saw 5 of its levels.
You also visited: Sewer.

You collected 144 gold pieces.

Inventory:

Hand Weapons
 a - a +0 flail
 C - a +0 flail of venom (weapon)
Armour
 c - a +0 shield (worn)
 n - a +0 plate armour
 r - a +2 pair of boots (worn)
 y - a +2 ring mail of cold resistance (worn)
 F - a +0 helmet (worn)
Jewellery
 g - an uncursed ring of ice
 h - a ring of protection from magic (left hand)
 G - a ring of see invisible (right hand)
Wands
 B - a wand of iceblast (3/15)
 I - a wand of iceblast (1/15)
Scrolls
 b - a scroll of magic mapping
 e - 2 scrolls of teleportation
 i - 9 scrolls of identify
 j - a scroll of noise {unknown}
 k - 2 scrolls of enchant armour
 m - a scroll of amnesia
 q - 2 scrolls of remove curse
Potions
 d - 4 potions of might
 l - a potion of haste {unknown}
 o - 2 potions of invisibility {unknown}
 p - a potion of mutation {unknown}
 s - 4 potions of brilliance {unknown}
 t - 3 potions of flight {unknown}
 u - 2 potions of agility {unknown}
 v - 2 potions of heal wounds {unknown}
 w - 2 potions of curing {unknown}
 A - a potion of berserk rage {unknown}
 D - a potion of cancellation {unknown}
 H - 2 potions of degeneration {unknown}
Comestibles
 f - 4 bread rations
 x - 2 meat rations
 E - a beef jerky


   Skills:
 + Level 5.3 Fighting
 + Level 4.0 Maces & Flails
 + Level 5.3 Armour
 + Level 5.1 Shields


You had 6 spell levels left.
You didn't know any spells.

Dungeon Overview and Level Annotations

Branches:
Dungeon (4/15)             Temple (1/1) D:4

Altars:
Ashenzari
Dithmenos
Elyvilon
Gozag
Kikubaaqudgha
Nemelex Xobeh
Okawaru
Ru
Vehumet
The Shining One


Innate Abilities, Weirdness & Mutations

You are resistant to torment.
Your stone body is resilient. (AC +4)
You are immune to poison.
You resist negative energy. (rN+)
You are resistant to electric shocks. (rElec)
You can survive without breathing.
You are immune to petrification.
You are immune to rotting.


Message History

You kill the orc warrior!
Okawaru accepts your kill.
Your Maces & Flails skill increases to level 4!
Your Shields skill increases to level 5!
The orc wizard casts a spell at you. The magic dart hits you!
* * * LOW HITPOINT WARNING * * *
The orc wizard gestures at you while chanting.
The magic dart hits you!
The orc wizard hits you but does no damage.
You barely miss the orc wizard. The orc wizard closely misses you.
You block the orc wizard's attack.
You barely miss the orc wizard. You block the orc wizard's attack. x2
The orc wizard hits you but does no damage.
The orc wizard gestures at you while chanting.
The puff of frost hits you! You resist.
* * * LOW HITPOINT WARNING * * *
The orc wizard gestures at you while chanting.
The magic dart hits you!
You die...

# #.# #...# #### # #.## ##.## #
## #..# #.# ## .## ##.# #.# ##.
..## ####.# #####.#### ##.. ...##
##.##.# #........## #...
....####...#.###.###.#...####....
....'.......................+....
....####...#.###@###.#...####....
...## ##.##.# #o# #....## ##...
..## ##...# #.# ##..## ##.. .##
#.### #o####..# ##. ## #.#
#...o...# ## # #.# ######.## #
#.# #.# ## ##### #.# #.######
.###...# #.# #...o..#


You could see an orc wizard and an orc.

Vanquished Creatures
  An orc warrior (D:4)
  A howler monkey (D:4)
  A hound (D:4)
  A bullfrog skeleton (D:4)
  An orc priest (D:3)
  A worker ant (D:4)
  A hound skeleton (D:4)
  A gnoll (D:1)
  9 adders
  5 river rats (Sewer)
  7 worms
  A dart slug (D:2)
  2 leopard geckos
  6 orcs
  7 ball pythons
  7 bats
  4 giant cockroaches
  8 goblins
  11 hobgoblins
  12 jackals
  A quokka (D:3)
  3 frilled lizards
  23 kobolds
  A leopard gecko skeleton (D:4)
  22 rats
137 creatures vanquished.

Notes
Turn   | Place    | Note
-------+----------+-------------------------------------------
     0 | D:1      | galech the Gargoyle Fighter began the quest for the Orb.
     0 | D:1      | Reached XP level 1. HP: 14/14 MP: 1/1
    53 | D:1      | Reached XP level 2. HP: 19/19 MP: 2/2
   368 | D:1      | Reached XP level 3. HP: 23/23 MP: 3/3
  1072 | D:2      | Reached XP level 4. HP: 21/29 MP: 4/4
  1950 | D:3      | Reached XP level 5. HP: 23/33 MP: 5/5
  2069 | D:3      | Found a glowing drain.
  2081 | Sewer    | Entered a sewer
  2452 | Sewer    | Reached XP level 6. HP: 39/39 MP: 6/6
  3014 | D:3      | Found a sparkling altar of Nemelex Xobeh.
  3027 | D:3      | Found a sacrificial altar of Ru.
  3051 | D:3      | Found an opulent altar of Gozag.
  3617 | D:4      | Reached skill level 5 in Armour
  3645 | D:4      | Found a shadowy altar of Dithmenos.
  3830 | D:4      | Found a staircase to the Ecumenical Temple.
  3841 | Temple   | Entered the Ecumenical Temple
  3865 | Temple   | Became a worshipper of Warmaster Okawaru
  4025 | D:4      | Reached skill level 5 in Fighting
  4073 | D:4      | Reached XP level 7. HP: 43/44 MP: 7/7
  4375 | D:4      | Reached skill level 5 in Shields
  4386 | D:4      | HP: 2/44 [orc wizard/magic dart (5)]
  4392 | D:4      | HP: 2/44 [orc wizard/puff of frost (1)]
  4395 | D:4      | Killed from afar by an orc wizard

Skill      XL: |  1  2  3  4  5  6  7 |
---------------+----------------------+-----
Armour         | 4 5 |  5.3
Shields        | 4 5 |  5.1
Fighting       | 4 5 |  5.3
Maces & Flails | 3 4 |  4.0

Action                   |  1- 3 |  4- 6 |  7- 9 || total
-------------------------+-------+-------+-------++-------
Melee: Flail             |   130 |   495 |     8 ||   633
  Use: Scroll            |       |       |     5 ||     5
  Eat: Chunk             |     1 |    11 |     1 ||    13
Armor: Scale mail        |    87 |     5 |       ||    92
       Plate armour      |       |   363 |       ||   363
       Ring mail         |       |    50 |     3 ||    53
Dodge: Dodged            |    54 |   137 |     4 ||   195
Block: Shield            |    82 |   345 |     6 ||   433
